AoeStats
← A pelubi

Coastal Forest

510457430Analyzed
3v3 RM · 23h ago on Oct 1, 2026· 67m 27s· 6 players
Game mode
Random Map
Map size
Normal (6 player)
Population
200
Speed
Normal
Resources
Standard
Victory
Conquest
Starting age
Dark Age
Ending age
Imperial Age
RankedLock teamsTeams togetherTeam positionsShared explorationLock speedFull tech treeHidden civsTurbo modeCheats
Victory
Defeat
🇦🇷 Italians · Argentina
1138
+15
🇦🇷 Dravidians · Argentina
1117
+16
🇦🇷 Franks · Argentina
952
+22
🇦🇷 Maya · Argentina
1166
-20
🇦🇷 Italians · Argentina
1100
-17
🇦🇷 Persians · Argentina
1069
-16
Frankios
7:04 Loom
9:40 Feudal Age
12:35 Double-Bit Axe
16:23 Horse Collar
17:48 Forging
18:46 Scale Barding Armor
22:18 Castle Age
21:03 Gold Mining
21:51 Stone Mining
22:07 Scale Mail Armor
23:24 Bow Saw
23:17 Heavy Plow
23:05 Man-at-Arms
24:25 Iron Casting
24:37 Long Swordsman
25:23 Squires
25:13 Arson
27:08 Wheelbarrow
26:55 Town Watch
27:06 Gambesons
27:41 Chain Mail Armor
28:27 Fletching
33:01 Bodkin Arrow
40:26 Pikeman
46:44 Imperial Age
44:54 Hand Cart
45:00 Town Patrol
46:45 Two-Handed Swordsman
46:46 Halberdier
47:34 Siege Elephant
48:20 Champion
54:54 Bodkin Arrow
55:59 Blast Furnace
55:44 Plate Mail Armor
56:24 Bracer
59:36 Chain Barding Armor
60:43 Husbandry
63:37 Light Cavalry
Juanchi
5:08 Loom
12:08 Feudal Age
12:35 Fishing Lines
13:25 Double-Bit Axe
18:27 Castle Age
19:58 Caravan
21:00 Medium Warships
21:07 Gold Mining
23:16 Padded Archer Armor
25:35 Fletching
26:23 Bodkin Arrow
26:01 Elite Skirmisher
29:31 Wheelbarrow
29:35 Horse Collar
30:06 Bow Saw
30:32 Gillnets
31:05 Thumb Ring
31:24 Silk Road
31:37 Ballistics
32:02 Leather Archer Armor
32:11 Hand Cart
31:41 Town Watch
36:55 Imperial Age
35:13 Crossbowman
36:13 Heavy Plow
37:36 Fortified Wall
37:42 Bracer
38:14 Ring Archer Armor
38:46 Chemistry
38:49 Conscription
41:02 Two-Man Saw
43:25 Scale Mail Armor
43:35 Forging
44:11 Arbalester
45:13 Capped Ram
47:55 Chain Mail Armor
48:15 Iron Casting
48:34 Elite Genoese Crossbowman
49:32 Pirotechnia
60:45 Plate Mail Armor
61:15 Blast Furnace
63:55 Squires
63:40 Arson
63:18 Pikeman
WWPKIMI
0:27 Loom
11:35 Feudal Age
24:09 Castle Age
23:02 Forging
24:34 Elite Skirmisher
38:17 Fletching
43:09 Imperial Age
41:22 Iron Casting
40:52 Scale Barding Armor
40:55 Husbandry
42:55 Wheelbarrow
45:01 Cavalier
46:41 Hand Cart
47:59 Chain Barding Armor
48:39 Blast Furnace
48:59 Paladin
53:04 Plate Barding Armor
56:09 Double-Bit Axe
68:21 Chemistry
67:58 Fortified Wall
67:44 Murder Holes
68:10 Ballistics
poteytor123
10:54 Feudal Age
12:33 Loom
16:23 Castle Age
16:33 Double-Bit Axe
21:11 Horse Collar
27:29 Medium Warships
29:29 Gold Mining
29:29 Stone Mining
31:41 Stone Shaft Mining
31:44 Gold Shaft Mining
33:58 Wheelbarrow
35:05 Scale Barding Armor
35:12 Forging
36:19 Hand Cart
35:53 Town Watch
37:53 Bloodlines
37:44 Husbandry
46:31 Imperial Age
44:17 Town Patrol
46:12 Cavalier
47:38 Savar
60:21 Chain Barding Armor
60:37 Iron Casting
Beto Casela
6:55 Loom
9:37 Feudal Age
10:29 Double-Bit Axe
13:45 Fletching
21:01 Castle Age
19:55 Bloodlines
20:32 Stone Mining
20:36 Gold Mining
22:33 Bow Saw
21:47 Crossbowman
22:23 Bodkin Arrow
27:53 Ballistics
34:06 Imperial Age
32:38 Horse Collar
34:29 Padded Archer Armor
34:50 Heavy Plow
34:52 Pikeman
35:33 Squires
35:35 Scale Mail Armor
35:45 Forging
35:42 Cavalier
38:49 Husbandry
38:12 Arbalester
39:21 Thumb Ring
41:45 Bracer
42:01 Leather Archer Armor
43:32 Chain Mail Armor
43:54 Iron Casting
43:27 Scale Barding Armor
43:38 Chain Mail Armor
43:55 Ring Archer Armor
44:40 Two-Man Saw
44:13 Crop Rotation
45:15 Chemistry
44:31 Masonry
46:22 Wheelbarrow
45:33 Town Watch
50:53 Pirotechnia
51:30 Hand Cart
51:58 Chain Barding Armor
A pelubi
7:00 Loom
9:19 Feudal Age
12:47 Double-Bit Axe
18:01 Fletching
20:54 Castle Age
20:17 Gold Mining
20:08 Horse Collar
20:32 Padded Archer Armor
22:10 Bow Saw
21:29 Crossbowman
23:46 Stone Mining
25:15 Bodkin Arrow
30:05 Leather Archer Armor
29:18 Pikeman
29:58 Squires
30:00 Scale Mail Armor
30:10 Forging
31:14 Wheelbarrow
31:09 Ballistics
31:40 Thumb Ring
33:27 Heavy Plow
38:13 Imperial Age
36:26 Iron Casting
42:07 Chemistry
41:13 Bracer
41:44 Ring Archer Armor
40:44 Arbalester
45:43 Eagle Warrior
47:26 Blast Furnace
46:42 Chain Mail Armor
46:45 Elite Eagle Warrior
48:29 Holcans
51:06 Stone Shaft Mining
55:03 Hand Cart
54:35 Town Watch
56:41 Elite Plumed Archer
61:37 Halberdier
62:52 Plate Mail Armor
64:19 Conscription
Connection lost

Rejoining the realm…

Still unreachable

The connection could not be restored.

Session expired

The server has moved on; the page needs a fresh start.